Map: Orbital Shipyard

Players

Beastyqt

  • Race: Terran Terran

Bails - Winner!

  • Race: Protoss Protoss
  • League: Grandmaster

VOD

Have the link to the VOD?

Description

Time

  • Played on: Dec. 14, 2015, 6:34 p.m.
  • Length: 13:28
Show
View Real Time Build Order
Export as new Build Order

Beastyqt Terran 

Build Orders: Command Center First (CC), MMM Bio 

Get SALT Encoding   

  12  0:01  SCV  
  13  0:13  SCV  
  14  0:17  Supply Depot  
  14  0:25  SCV  
  15  0:39  SCV  
  16  0:51  SCV  
  17  1:00  Command Center  
  17  1:03  SCV  
  18  1:15  Barracks  
  18  1:16  SCV  
  19  1:29  SCV, Barracks  
  20  1:41  SCV  
  21  1:53  SCV  
  22  2:02  Marine  
  22  2:08  Orbital Command  
  23  2:12  Orbital Command  
  23  2:27  Command Center  
  23  2:29  Marine  
  23  2:31  Marine  
  23  2:34  SCV  
  26  2:38  SCV  
  26  2:42  Bunker  
  27  2:46  SCV  
  27  2:48  Marine  
  27  2:49  Marine  
  27  2:50  SCV  
  31  2:54  Supply Depot  
  31  2:58  SCV  
  32  3:02  SCV  
  32  3:03  Refinery  
  32  3:04  Refinery  
  33  3:06  Marine  
  33  3:07  Marine  
  33  3:11  SCV  
  36  3:14  SCV  
  37  3:23  SCV, Barracks, Marine  
  37  3:25  Marine  
  40  3:28  SCV  
  41  3:34  Engineering Bay  
  41  3:37  SCV  
  41  3:40  Refinery, Orbital Command  
  42  3:41  Marine  
  42  3:43  SCV  
  42  3:45  Barracks Tech Lab  
  44  3:49  SCV  
  45  3:55  SCV  
  45  3:57  Supply Depot  
  46  4:03  Missile Turret  
  46  4:07  SCV x2  
  46  4:09  Stimpack, Missile Turret, Marine  
  49  4:12  SCV  
  49  4:13  Marine  
  51  4:19  SCV, Marine  
  51  4:21  SCV  
  54  4:24  Factory  
  54  4:27  SCV  
  55  4:31  SCV  
  55  4:34  Supply Depot  
  55  4:35  Supply Depot  
  55  4:36  Terran Infantry Weapons Level 1  
  56  4:38  Barracks Tech Lab  
  56  4:40  Barracks Reactor  
  56  4:42  SCV  
  56  4:43  SCV  
  56  4:44  SCV  
  56  4:45  Marine  
  60  4:51  Refinery  
  60  4:54  SCV  
  60  4:55  SCV  
  60  4:58  Combat Shields  
  60  4:59  Marauder  
  64  5:01  SCV  
  64  5:02  Orbital Command  
  64  5:03  Marauder  
  64  5:06  SCV  
  68  5:09  Starport, Factory Reactor  
  68  5:16  SCV  
  68  5:20  Marine  
  70  5:22  SCV, Barracks  
  70  5:23  Barracks  
  70  5:24  Barracks, Marine x2  
  75  5:28  SCV x2  
  75  5:34  SCV  
  76  5:36  Supply Depot  
  76  5:38  Supply Depot  
  76  5:39  Marauder  
  76  5:40  SCV x2  
  80  5:43  Missile Turret  
  80  5:46  SCV  
  81  5:50  Liberator  
  81  5:51  Liberator  
  81  5:52  SCV  
  81  5:56  Marauder, Marine  
  85  5:58  Marine  
  85  5:59  Factory Tech Lab  
  85  6:00  Marauder  
  89  6:04  Supply Depot, SCV  
  89  6:08  Bunker  
  89  6:10  Concussive Shells  
  94  6:12  Bunker  
  94  6:14  Barracks Tech Lab, Bunker  
  94  6:15  Barracks Reactor, Barracks Tech Lab  
  94  6:17  SCV x2  
  96  6:26  SCV  
  96  6:28  Marauder x2  
  96  6:31  Terran Infantry Armor Level 1, Marine x2, Supply Depot  
  98  6:36  Marauder x2  
  98  6:39  Missile Turret  
  101  6:49  Marauder, Marine  
  101  6:55  Supply Depot  
  101  6:56  Supply Depot  
  101  7:01  Marine  
  101  7:02  Marauder  
  101  7:07  Marauder  
  100  7:08  Medivac  
  100  7:09  Medivac, Marine x2  
  100  7:10  Marine  
  100  7:11  Marauder  
  101  7:16  Widow Mine  
  101  7:17  Marauder  
  101  7:19  Marine  
  105  7:23  Marauder  
  105  7:27  Marine x3  
  105  7:29  Marauder  
  109  7:32  Marauder  
  111  7:38  Medivac  
  111  7:39  Medivac  
  111  7:43  Marine  
  111  7:44  Marine, Marauder  
  115  7:46  Marine  
  115  7:49  Factory Tech Lab  
  115  7:51  Marine x3  
  115  7:55  SCV, Marine  
  115  7:56  SCV  
  115  8:01  Marine  
  115  8:02  Marine  
  117  8:13  Supply Depot, SCV x2, Marine  
  117  8:15  Supply Depot  
  120  8:20  Engineering Bay  
  120  8:21  Marauder x2, Marine  
  120  8:22  Armory  
  125  8:34  Medivac x2  
  125  8:38  Supply Depot  
  125  8:40  Supply Depot  
  129  8:46  SCV x2, Refinery  
  129  8:47  Command Center, SCV, Refinery  
  132  8:49  Starport  
  132  8:54  Marine  
  132  8:55  Marauder x2  
  137  8:58  Missile Turret  
  137  8:59  SCV, Missile Turret  
  137  9:00  SCV, Factory Reactor, Supply Depot  
  137  9:01  SCV, Supply Depot  
  137  9:02  Missile Turret  
  140  9:06  Marauder x2  
  144  9:12  SCV  
  144  9:13  Liberator  
  144  9:16  Marauder  
  147  9:18  Terran Infantry Weapons Level 2  
  145  9:26  Marine  
  145  9:27  Marauder, Marine  
  145  9:28  Marauder  
  152  9:33  Fusion Core  
  152  9:36  Marine x2  
  152  9:42  Liberator  
  152  9:44  Marauder x2  
  140  9:48  Marauder, Marine  
  140  9:49  Marauder, Marine  
  137  9:53  Marine  
  137  9:54  Marine  
  138  10:02  Orbital Command  
  138  10:04  Marine  
  138  10:06  Terran Ship Weapons Level 1  
  139  10:10  Marine x2  
  139  10:11  Marine  
  139  10:12  Marine x3  
  139  10:13  Marine  
  146  10:22  Advanced Ballistics, Marine  
  146  10:23  Liberator x2  
  147  10:33  Marauder x2, Marine x2  
  153  10:36  Sensor Tower  
  153  10:37  Liberator  
  153  10:41  Refinery  
  153  10:42  Refinery, Missile Turret  
  159  10:46  Missile Turret  
  159  10:55  Marauder x2  
  159  10:56  Marine  
  159  10:57  Orbital Command, Marine x3  
  170  11:06  Liberator x2  
  165  11:20  Liberator  
  165  11:25  SCV x2  
  171  11:26  SCV  
  175  11:40  Marine x2, Marauder x4  
  175  11:46  Marine  
  170  11:49  Liberator x2  
  166  12:03  Marine x2, Marauder x2  
  174  12:09  SCV x2  
  174  12:13  Marine x2  
  175  12:20  Medivac  
  155  12:40  Marauder, Marine  
  155  12:41  Marauder  
  154  12:45  Marine  
  154  12:46  Marine  
  154  12:49  Medivac, Marine x2  
  154  12:50  Marine, Medivac  
Show
View Real Time Build Order
Export as new Build Order

Bails Protoss - Winner!

Build Orders: 1 Gate Expand 

Get SALT Encoding   

  12  0:00  Probe (Chrono Boost)  
  13  0:11  Probe (Chrono Boost)  
  14  0:17  Pylon  
  14  0:22  Probe (Chrono Boost)  
  15  0:36  Probe (Chrono Boost)  
  15  0:40  Gateway  
  16  0:46  Probe (Chrono Boost)  
  16  0:47  Assimilator  
  18  0:57  Probe (Chrono Boost)  
  18  1:07  Probe (Chrono Boost)  
  19  1:19  Nexus  
  19  1:29  Cybernetics Core  
  20  1:32  Probe (Chrono Boost)  
  20  1:39  Pylon  
  20  1:45  Assimilator  
  20  1:47  Probe (Chrono Boost)  
  21  1:58  Probe (Chrono Boost)  
  24  2:07  Adept (Chrono Boost)  
  26  2:09  Mothership Core (Chrono Boost)  
  26  2:17  Warp Gate  
  26  2:27  Probe  
  27  2:30  Probe (Chrono Boost)  
  27  2:35  Robotics Facility  
  28  2:39  Probe (Chrono Boost)  
  28  2:42  Probe (Chrono Boost)  
  30  2:44  Stalker  
  30  2:50  Probe (Chrono Boost)  
  33  2:52  Probe (Chrono Boost)  
  34  2:58  Pylon  
  34  3:00  Probe (Chrono Boost)  
  34  3:03  Probe (Chrono Boost)  
  36  3:11  Probe (Chrono Boost)  
  37  3:13  Probe (Chrono Boost)  
  38  3:21  Twilight Council, Probe (Chrono Boost)  
  38  3:22  Probe (Chrono Boost)  
  38  3:25  Observer (Chrono Boost)  
  41  3:29  Stalker  
  41  3:32  Probe (Chrono Boost)  
  44  3:34  Probe (Chrono Boost)  
  44  3:39  Pylon  
  45  3:42  Pylon  
  45  3:43  Probe (Chrono Boost)  
  45  3:45  Probe (Chrono Boost), Observer  
  48  3:54  Probe (Chrono Boost)  
  50  3:55  Probe (Chrono Boost)  
  50  4:04  Probe (Chrono Boost), Nexus  
  50  4:07  Probe (Chrono Boost)  
  50  4:09  Blink (Chrono Boost)  
  52  4:15  Probe  
  53  4:19  Assimilator  
  53  4:20  Probe  
  53  4:22  Pylon  
  54  4:24  Pylon  
  54  4:25  Observer, Assimilator  
  55  4:33  Probe (Chrono Boost)  
  55  4:34  Gateway  
  55  4:35  Probe (Chrono Boost)  
  55  4:36  Gateway  
  57  4:45  Probe (Chrono Boost)  
  58  4:47  Probe (Chrono Boost)  
  58  4:51  Gateway  
  59  4:56  Probe (Chrono Boost)  
  59  4:57  Probe (Chrono Boost)  
  59  4:58  Pylon  
  61  5:00  Pylon  
  61  5:01  Gateway  
  61  5:03  Observer  
  61  5:04  Gateway  
  61  5:06  Probe (Chrono Boost)  
  63  5:08  Probe (Chrono Boost)  
  64  5:17  Probe (Chrono Boost)  
  64  5:18  Probe (Chrono Boost)  
  64  5:19  Gateway  
  64  5:20  Probe (Chrono Boost)  
  67  5:26  Warp Prism (Chrono Boost)  
  67  5:27  Probe x2 (Chrono Boost)  
  70  5:29  Probe  
  70  5:32  Stalker  
  74  5:36  Pylon  
  74  5:37  Stalker, Probe  
  74  5:39  Probe  
  78  5:43  Stalker, Probe  
  78  5:47  Pylon  
  81  5:53  Stalker  
  81  5:55  Stalker  
  85  5:59  Pylon  
  85  6:00  Stalker x2  
  89  6:09  Stalker x2  
  93  6:14  Resonating Glaives  
  93  6:15  Pylon  
  93  6:25  Probe  
  94  6:29  Stalker x2  
  94  6:30  Stalker x3  
  102  6:33  Stalker x2, Probe  
  107  6:42  Probe  
  107  6:43  Probe, Robotics Bay, Pylon  
  109  6:54  Adept  
  107  7:01  Adept x5  
  107  7:02  Adept  
  107  7:05  Probe  
  107  7:07  Probe  
  110  7:09  Probe  
  110  7:10  Adept  
  110  7:14  Immortal (Chrono Boost)  
  102  7:17  Probe  
  102  7:18  Probe  
  102  7:19  Assimilator  
  104  7:23  Adept x3  
  104  7:24  Probe, Assimilator  
  104  7:28  Pylon  
  111  7:32  Adept x4  
  111  7:34  Probe  
  118  7:37  Forge  
  118  7:40  Probe, Forge  
  119  7:46  Disruptor (Chrono Boost)  
  119  7:47  Probe  
  119  7:56  Charge (Chrono Boost)  
  119  7:57  Stalker x2  
  119  7:58  Stalker x4  
  118  8:07  Adept  
  120  8:15  Pylon, Photon Cannon  
  120  8:16  Protoss Ground Armor Level 1 (Chrono Boost), Photon Cannon  
  120  8:19  Protoss Ground Weapons Level 1 (Chrono Boost)  
  120  8:28  Nexus  
  120  8:30  Disruptor  
  120  8:31  Pylon  
  123  8:34  Adept x3  
  129  8:45  Sentry  
  131  8:51  Gateway, Probe  
  131  8:53  Gateway  
  132  8:57  Pylon  
  132  9:01  Photon Cannon  
  132  9:02  Photon Cannon  
  132  9:04  Pylon  
  132  9:05  Disruptor  
  132  9:06  Adept x5  
  145  9:15  Photon Cannon  
  145  9:18  Adept, Pylon  
  147  9:26  Stalker x3  
  153  9:36  Probe  
  154  9:41  Disruptor  
  145  9:51  Protoss Ground Armor Level 2 (Chrono Boost)  
  139  9:53  Robotics Facility  
  139  9:54  Probe  
  139  9:56  Adept x2  
  139  9:57  Adept x4  
  152  10:01  Protoss Ground Weapons Level 2 (Chrono Boost)  
  152  10:05  Probe, Assimilator x2  
  152  10:06  Probe x3, Pylon  
  156  10:10  Templar Archives  
  156  10:21  Disruptor (Chrono Boost)  
  159  10:24  Zealot  
  159  10:25  Zealot x5  
  159  10:27  Pylon  
  171  10:31  Pylon  
  171  10:41  Disruptor (Chrono Boost)  
  174  10:44  Stalker x3  
  174  10:49  Adept  
  182  10:50  Adept x3  
  182  10:51  Adept  
  190  11:02  Disruptor (Chrono Boost)  
  193  11:05  Pylon  
  193  11:09  Probe  
  191  11:15  Disruptor (Chrono Boost)  
  194  11:25  Stargate  
  187  11:40  Disruptor (Chrono Boost)  
  181  11:48  Disruptor (Chrono Boost)  
  184  12:05  Adept x2  
  184  12:06  Adept x6  
  200  12:14  Stargate  
  200  12:16  Fleet Beacon  
  177  12:30  Disruptor (Chrono Boost)  
  177  12:34  Disruptor (Chrono Boost)  
  169  12:42  Probe  
Tags
 
Add a new tag
Caveats
  • Supply blocks, unpowered buildings, or Contaminate may cause inaccurate times.
  • Supply counts are checked every 10 seconds.